Cogmind - Beta 13 X2 @@@ ROGUE MODE // 2023.12.22 @ 18:49:05 Player: Terminus Result: Destroyed by KV-3CH(R) with Subdweller Shrapnel Launcher Performance ------------- Evolutions (0) 0 Regions Visited (3) 600 Robots Destroyed (33) 165 Value Destroyed (971) 971 Prototype IDs (3) 60 Alien Tech Used (0) 0 Bonus (-1766) -1766 TOTAL SCORE: 30 Bonus ------- Friendly Fire -1766 Cogmind --------- Core Integrity 0/250 Matter 233/300 Energy 243/250 System Corruption 0% Temperature Cool (0) Movement Rolling (175) Ox5 Location -10/Subcaves Parts ------- > --- POWER (1) -------- Ion Engine > --- PROPULSION (2) --- Compact Wheel > --- UTILITY (2) ------ Improved Heat Sink Huge Storage Unit > --- WEAPON (2) ------- (None) > --- INVENTORY (25) --- Ion Engine Ion Engine Carbon-fiber Leg Wheel Wheel Compact Wheel Heat Sink Improved Heat Sink Improved Heat Sink Advanced Heat Sink High-capacity Storage Unit Experimental Sensor Array Hacking Suite Medium Laser Small Laser Small Laser Small Laser Small Laser Small Laser Small Laser Grenade Launcher Mining Claw Peak State ------------ > --- POWER ------------ Ion Engine > --- PROPULSION ------- Light Treads Compact Wheel > --- UTILITY ---------- Improved Heat Sink Huge Storage Unit > --- WEAPON ----------- Medium Laser Medium Laser > --- INVENTORY -------- Ion Engine Ion Engine Light Treads Carbon-fiber Leg Wheel Wheel Compact Wheel Heat Sink Improved Heat Sink Improved Heat Sink Advanced Heat Sink High-capacity Storage Unit Experimental Sensor Array Light Armor Plating Hacking Suite Medium Laser Small Laser Small Laser Small Laser Small Laser Small Laser Small Laser Light Assault Rifle Grenade Launcher Mining Claw [Rating: 13] Favorites ----------- Power Ion Engine Engine Ion Engine Propulsion Light Treads Treads Light Treads Wheel Compact Wheel Utility Heat Sink Device Heat Sink Storage Huge Storage Unit Protection Light Armor Plating Weapon Medium Laser Energy Gun Medium Laser Ballistic Gun Light Assault Rifle Launcher Grenade Launcher Slashing Weapon Mining Claw Build | -11 -10 -10 -10 ------- Run | Yrd Mat Min Sub Slots Evolved . | . . . . Power . | . . . . Propulsion . | . . . . Utility . | . . . . Weapon . | . . . . Parts Attached 28 | 6 9 6 7 Power 4 | 1 2 1 . Engine 4 | 1 2 1 . Core . | . . . . Reactor . | . . . . Propulsion 5 | 2 2 . 1 Treads 3 | 1 1 . 1 Leg . | . . . . Wheel 2 | 1 1 . . Hover . | . . . . Flight . | . . . . Utility 8 | 1 4 1 2 Device 4 | . 2 1 1 Storage 3 | 1 2 . . Processor . | . . . . Hackware . | . . . . Protection 1 | . . . 1 Artifact . | . . . . Weapon 11 | 2 1 4 4 Energy Gun 7 | 2 1 2 2 Energy Cannon . | . . . . Ballistic Gun 1 | . . . 1 Ballistic Cannon . | . . . . Launcher 2 | . . 1 1 Special Weapon . | . . . . Impact Weapon . | . . . . Slashing Weapon 1 | . . 1 . Piercing Weapon . | . . . . Special Melee Weapon . | . . . . Unidentified Prototypes . | . . . . Parts Lost 7 | . 1 . 6 Power . | . . . . Propulsion 3 | . 1 . 2 Utility 1 | . . . 1 Weapon 3 | . . . 3 Highest Loss Streak 5 | . 1 . 5 To Critical Strikes . | . . . . Average Slot Usage (%) 98 | . 97 100 95 Engine 14 | . 14 14 14 Treads 13 | . 14 14 11 Wheel 14 | . 14 14 14 Device 11 | . 10 14 . Storage 14 | . 15 14 14 Energy Gun 26 | . 27 27 14 Naked Turns . | . . . . Heaviest Build 91 | 11 89 91 91 Greatest Support 16 | 10 16 16 16 Greatest Overweight (x) 5 | 1 5 5 5 Average Overweight (x) 3 | . 2 5 5 Largest Inventory Capacity 25 | 8 25 25 25 Average Capacity 21 | 6 19 25 25 Most Carried 25 | 4 22 25 25 Average Carried 18 | 2 13 23 24 Final Capacity 25 | 8 25 25 25 Final Carried 25 | 4 22 25 22 Class Distribution -------------------- 100% | Mutant Dominant Class ---------------- Mutant | -10/Materials Mutant | -10/Mines Mutant | -10/Subcaves Resources | -11 -10 -10 -10 ----------- Run | Yrd Mat Min Sub Matter Collected 462 | 239 107 90 26 Remotely . | . . . . Salvage Created 1332 | . 860 426 46 Parts 65 | . 50 13 2 Haulers Intercepted 2 | . 2 . . Recyclers Shooed 2 | . 2 . . Parts Field Recycled . | . . . . Retrieved Matter . | . . . . Parts Self-Destructed . | . . . . Prevented . | . . . . Kills | -11 -10 -10 -10 ------- Run | Yrd Mat Min Sub Combat Hostiles Destroyed 23 | . 13 8 2 Guns 19 | . 13 6 . AOE 4 | . . 2 2 Classes Destroyed 7 | . 6 . 1 Worker 2 | . 2 . . Hauler 2 | . 2 . . Recycler 1 | . 1 . . Operator 1 | . 1 . . Watcher 3 | . 3 . . Grunt 21 | . 13 8 . Subdweller 2 | . . . 2 Best Kill Streak 3 | . 3 2 2 Combat Bots Only 3 | . 3 2 2 Max Kills in Single Turn 1 | . 1 1 1 Gunslinging . | . . . . Exploded 1 | . . 1 1 Melee . | . . . . Uniques/NPCs Destroyed 1 | . . 1 . YI-UF0 (-10/Mines) Combat | -11 -10 -10 -10 -------- Run | Yrd Mat Min Sub Hostile Shots Fired 113 | . 68 24 21 Missed 35 | . 19 9 7 Damage Taken 1418 | . 601 214 603 Core 270 | . 114 51 105 Absorbed by Shields . | . . . . Regen/Repaired (Parts) 50 | . 50 . . Core Remaining (%) 100 | 100 . . . Volleys Fired 101 | . 68 23 10 Largest 2 | . 2 2 2 Hottest 100 | . 90 90 100 Shots Fired 194 | . 136 43 15 Gun 186 | . 136 40 10 Cannon . | . . . . Launcher 8 | . . 3 5 Special . | . . . . Kinetic 3 | . . . 3 Thermal 183 | . 136 40 7 Explosive 8 | . . 3 5 Electromagnetic . | . . . . Robot Hit Streak 14 | . 14 8 11 Robot Miss Streak 3 | . 3 2 1 Penetration Max . | . . . . Secondary Targets 2 | . 1 1 . Max Gunslinging Chain 1 | . 1 1 . Shots Hit Robots 148 | . 97 40 11 Core Hits 68 | . 43 21 4 Critical Kills . | . . . . Critical Parts Destroyed . | . . . . Critical Strikes 5 | . 4 1 . Burn 5 | . 4 1 . Melee Attacks 10 | . . 10 . Impact . | . . . . Slashing 10 | . . 10 . Piercing . | . . . . Sneak Attacks 10 | . . 10 . Combat Hostiles . | . . . . Follow-up Attacks . | . . . . Damage Inflicted 2444 | . 1170 929 345 Guns 1636 | . 1169 364 103 Cannons . | . . . . Explosions 385 | . . 143 242 Melee 422 | . . 422 . Ramming 1 | . 1 . . Kinetic 27 | . . . 27 Thermal 1609 | . 1169 364 76 Explosive 385 | . . 143 242 Electromagnetic . | . . . . Impact . | . . . . Slashing 422 | . . 422 . Piercing . | . . . . Highest Corruption . | . . . . Average Corruption . | . . . . Corruption Purged . | . . . . Corruption Blocked . | . . . . Overload Shots . | . . . . Overflow Damage 14 | . . 14 . Projectiles . | . . . . Explosions . | . . . . Melee 14 | . . 14 . Knockbacks . | . . . . Impact . | . . . . Kinetic . | . . . . Secondary . | . . . . Self-Inflicted Damage 16 | . . . 16 Shots 1 | . . . 1 Rammed 2 | . 2 . . Targets Rammed 2 | . 2 . . Kicked . | . . . . Crushed . | . . . . Highest Temperature 195 | . 195 36 4 Average Temperature 45 | . 52 16 4 Received Heat Transfer 525 | . 342 123 60 Siege Activations . | . . . . Robots Corrupted . | . . . . Combat Hostiles . | . . . . Parts Fried . | . . . . Impact Corruptions . | . . . . Robots Melted . | . . . . Combat Hostiles . | . . . . Parts Melted 10 | . 8 2 . Heat Transferred 4559 | . 3321 1016 222 Parts Sabotaged . | . . . . Parts Stolen . | . . . . Parts Stripped . | . . . . Power Chain Reactions . | . . . . Missiles Intercepted . | . . . . Alert | -11 -10 -10 -10 ------- Run | Yrd Mat Min Sub Peak Influence 210 | . 210 192 . Initial 42 | . . 42 . Average 68 | . 68 71 . Maximum Alert Level 1 | . 1 . . Low Security (%) 99 | 100 99 100 . Level 1 . | . . . . Level 2 . | . . . . Level 3 . | . . . . Level 4 . | . . . . Level 5 . | . . . . High Security . | . . . . Max Security . | . . . . Squads Dispatched 4 | . 4 . . Investigation 3 | . 3 . . Extermination . | . . . . Reinforcement 1 | . 1 . . Assault . | . . . . Garrison . | . . . . Intercept . | . . . . Searches Triggered . | . . . . Construction Impeded . | . . . . Haulers Reinforced . | . . . . Active Scanning Responses . | . . . . Cargo Convoy Interrupts . | . . . . Stealth | -11 -10 -10 -10 --------- Run | Yrd Mat Min Sub Distress Signals . | . . . . Communications Jammed . | . . . . Distress Signals . | . . . . Times Spotted 34 | . 21 8 5 Peak Tracking Total 4 | . 3 2 4 Tactical Retreats 2 | . 2 . . Traps | -11 -10 -10 -10 ------- Run | Yrd Mat Min Sub Traps Triggered 3 | . 1 . 2 Indirectly . | . . . . Trap Hack Attempts . | . . . . Triggered . | . . . . Disarmed . | . . . . Reprogrammed . | . . . . Reused . | . . . . Traps Extracted . | . . . . Installed . | . . . . Triggered . | . . . . Machines | -11 -10 -10 -10 ---------- Run | Yrd Mat Min Sub Machines Disabled 1 | . . 1 . Max in Single Turn 1 | . . 1 . Machines Repaired . | . . . . Machines Dismantled . | . . . . Machines Sabotaged . | . . . . Overloaded Fab Kills . | . . . . Hacking | -11 -10 -10 -10 --------- Run | Yrd Mat Min Sub Machines Accessed 11 | . 11 . . Terminals 8 | . 8 . . Fabricators . | . . . . Repair Stations 1 | . 1 . . Recycling Units 2 | . 2 . . Scanalyzers . | . . . . Garrison Access . | . . . . Total Hacks 26 | . 26 . . Successful 16 | . 16 . . Failed 10 | . 10 . . Catastrophic 1 | . 1 . . Database Lockouts . | . . . . Manual 22 | . 22 . . Terminals 22 | . 22 . . Fabricators . | . . . . Repair Stations 2 | . 2 . . Recycling Units 2 | . 2 . . Scanalyzers . | . . . . Garrison Access . | . . . . Terminal Hacks 6 | . 6 . . Robot Analysis 2 | . 2 . . Prototype ID Bank 2 | . 2 . . Zone Layout 2 | . 2 . . Fabricator Hacks . | . . . . Repair Station Hacks 2 | . 2 . . Scan Component 1 | . 1 . . Repair 1 | . 1 . . Recycling Unit Hacks . | . . . . Scanalyzer . | . . . . Garrison Access Hacks . | . . . . Unauthorized Hacks 8 | . 8 . . Terminals 6 | . 6 . . Botnet 6 | . 6 . . Fabricators . | . . . . Repair Stations . | . . . . Recycling Units 2 | . 2 . . Tunnel 2 | . 2 . . Scanalyzers . | . . . . Garrison Access . | . . . . Data Cores Recovered . | . . . . Used . | . . . . Hacking Detections 9 | . 9 . . Full Trace Events 1 | . 1 . . Feedback Events . | . . . . Feedback Blocked . | . . . . Robot Schematics Acquired . | . . . . Robots Built . | . . . . Authchips . | . . . . Time . | . . . . Total Robot Build Rating . | . . . . Part Schematics Acquired . | . . . . Parts Built . | . . . . Authchips . | . . . . Time . | . . . . Total Part Build Rating . | . . . . Parts Repaired 1 | . 1 . . Time 26 | . 26 . . Parts Recycled . | . . . . Recycled Matter . | . . . . Retrieved Matter . | . . . . Retrieved Components . | . . . . Parts Scanalyzed . | . . . . Part Schematics Acquired . | . . . . Parts Damaged . | . . . . Bothacking | -11 -10 -10 -10 ------------ Run | Yrd Mat Min Sub Used RIF Installer . | . . . . Robots Hacked . | . . . . Non-combat . | . . . . Combat . | . . . . Robot Hacks Applied . | . . . . Relay Couplers Released . | . . . . Fabnet Peak Effective % . | . . . . Robots Rewired . | . . . . Allies Hacked . | . . . . Hacks Repelled . | . . . . Allies | -11 -10 -10 -10 -------- Run | Yrd Mat Min Sub Total Allies . | . . . . Largest Group . | . . . . Highest-Rated Group . | . . . . Highest-Rated Ally . | . . . . Total Orders . | . . . . Ally Attacks . | . . . . Total Damage . | . . . . Kills . | . . . . Allies Corrupted . | . . . . Allies Melted . | . . . . Intel | -11 -10 -10 -10 ------- Run | Yrd Mat Min Sub Robot Analysis Total 2 | . 2 . . Derelict Logs Recovered 2 | . . 1 1 Drone Launches . | . . . . Drone Recoveries . | . . . . Exploration | -11 -10 -10 -10 ------------- Run | Yrd Mat Min Sub Turns Passed 2661 | 56 1322 1105 178 Spaces Moved 1363 | 54 676 552 81 Core 11 | 11 . . . Treads . | . . . . Legs . | . . . . Wheels 1352 | 43 676 552 81 Hover . | . . . . Flight . | . . . . Fastest Speed 50 | 50 95 175 175 Average Speed 154 | 80 141 175 175 Slowest Speed 175 | 95 175 175 175 Overloaded Moves . | . . . . Propulsion Burnouts . | . . . . Robots Hopped . | . . . . Cave-ins Triggered . | . . . . Exploration Rate (%) 49 | 3 95 92 8 Regions Visited 3 Branch Regions 2 Pre-discovered Areas 3 | . 2 1 . Known Exits Taken . | . . . . Unknown Exits Taken 3 | 1 1 1 . Scrap Searched 2 | . . 1 1 Spaces Dug 7 | . . . 7 Terrain Destroyed 44 | . . 20 24 Melee . | . . . . Projectile . | . . . . AOE 44 | . . 20 24 Terrain Rammed . | . . . . Walls Destroyed . | . . . . Machines Disabled . | . . . . Actions | -11 -10 -10 -10 --------- Run | Yrd Mat Min Sub Total 1688 | 63 896 628 101 Wait 148 | . 118 27 3 Move 1360 | 53 675 551 81 Hop . | . . . . Pick Up 29 | 4 19 6 . Fast Attach 8 | 6 2 . . Attach 5 | . 2 . 3 Detach . | . . . . Swap 15 | . 5 6 4 Drop 10 | . 5 5 . Fire 101 | . 68 23 10 Melee 10 | . . 10 . Ram 1 | . 1 . . Kick . | . . . . Crush 1 | . 1 . . Escape Stasis . | . . . . Rewire . | . . . . Trap . | . . . . Miscellaneous . | . . . . Route ------- -11/Scrapyard -10/Materials (discovered 5 exits: [*Mat x3] / [*Min x2]) -10/Mines (discovered 2 exits: [*Mat] / [*Sub]) -10/Subcaves (discovered 1 exit: Rec) History --------- Turn | Location | Event 8 | -11/Scrapyard | Discovered new exit (range 15) 57 | -11/Scrapyard | Entered Materials 310 | -10/Materials | Build established: Mutant 427 | -10/Materials | Discovered new exit (range 16) 563 | -10/Materials | Discovered new exit (range 10) 793 | -10/Materials | Discovered new exit (range 16) 942 | -10/Materials | Discovered new exit (range 16) 1053 | -10/Materials | Repaired Med. Laser 1088 | -10/Materials | Discovered new exit (range 18) 1379 | -10/Materials | Entered Mines 1418 | -10/Mines | Core integrity fell below 50% 1755 | -10/Mines | Learned location of Recycling (-8) 1821 | -10/Mines | Discovered new exit (range 6) 1934 | -10/Mines | YI-UF0 nonchalantly dropped a Grenade Launcher on the ground 1989 | -10/Mines | Murdered YI-UF0 1989 | -10/Mines | Destroyed YI-UF0 2245 | -10/Mines | Found a damaged Exp. Sensor Array with a note attached 2249 | -10/Mines | Found Prototype Device 2474 | -10/Mines | Discovered new exit (range 6) 2484 | -10/Mines | Entered Subcaves 2533 | -10/Subcaves | Identified exit to Recycling 2628 | -10/Subcaves | Ambushed by Subdweller buried in earth 2630 | -10/Subcaves | Ambushed by Subdweller buried in earth 2636 | -10/Subcaves | Core integrity fell below 20% 2660 | -10/Subcaves | Ambushed by Subdweller buried in earth 2662 | -10/Subcaves | Destroyed by KV-3CH(R) with Subdweller Shrapnel Launcher Last Messages --------------- 02533_ Acquired derelict log, extracted data. 02629_ ML-F5P(R): "SLEEPOVER!" 02631_ KV-3CH(R): "ARGHSUB!" 02636_ Lgt. Assault Rifle destroyed. 02636_ Lgt. Armor Plating destroyed. 02639_ Searching scrap... 02639_ Found Sub. Monowheel. 02639_ Found Flamer. 02639_ Found 26 Matter. 02639_ Lgt. Treads destroyed. 02640_ Acquired 13 matter. 02642_ Acquired 10 matter. 02643_ Acquired 3 matter. 02645_ KF-2NP(R) destroyed. 02651_ ML-F5P(R) destroyed. 02656_ The unstable cave ceiling collapses. 02659_ KV-3CH(R) affixes Scrap Shield Fragment to Scrap Shield. 02660_ The unstable cave ceiling collapses. 02661_ 27-C2U(R): "ARGHSUB!" 02662_ Med. Laser destroyed. Map ----- +----------------------------------------------------+ | ??????????????# ^ "###?####????????????????????? | | ?????????????## ### ##???????????????????? | | ?????????#####^ # #???????????????????? | | ?????????# #???????????????????? | | ?????????# """ ## ????????????? | | ?????????## ## " #"# #### ????????? | | ?????????????## ##### ##?? ### #????????? | | ??????????##### ## #?????????????? | | ?????????## ???????????? | | ????????## ??????????? | | ????????# ### ?????????? | | ????????# ## ###??# ##??????????? | | ????????# ##### ####????? #???????????? | | ????????# ##???# ##??###### #???????????? | | ????????# ##???? #??# #???????????? | | ????????# ###????? #?? #???????????? | | ????????# ####??????? ?? #???????????? | | ????????# ##????????? ?? #????????????? | | ????????# ##???????####### #?????????????? | | ????????# ##??????###### #?????????????? | | ????????# ####???# ;R #?????????????? | | ????????# ##### ##????????????? | | ????????# ## #????????????? | | ????????# ## #????????????? | | ????????## ### #?????????????? | | ?????????# @ #???????????????? | | ?????????# % ##???????????????? | | ????????## R ##????????????????? | | ????????# ### ##?????????????????? | | ????????## #?### ] #??????????????????? | | ?????????#### ##???# %& #??????????????????? | | ????????????# #????# ! #??????????????????? | | ???????????? ????## " # #??????????????????? | | ???????????## ?????# # "" ###??????????????????? | | ????????????# # ????### "" ????????????????????? | | ????????????# ## ??????# "" ????????????????????? | | ????????????###? ?????# ?" ????????????????????? | | ???????????????? ?????# ?? #???????????????????? | | ???????????????? ?????# ??"" ???????????????????? | | ????????????????? ????? ??? ???????????????????? | | ????????????????? ????? ?????????????????????????? | | ??????????????????????? ?????????????????????????? | | ??????????????????????? ?????????????????????????? | | ?????????????????????????????????????????????????? | | ?????????????????????????????????????????????????? | | ?????????????????????????????????????????????????? | | ?????????????????????????????????????????????????? | | ?????????????????????????????????????????????????? | | ?????????????????????????????????????????????????? | | ?????????????????????????????????????????????????? | +----------------------------------------------------+ Best States ------------- Heat Dissipation 39 Energy Generation 10 Energy Capacity 250 Matter Stores 300 Matter Capacity 300 Sight Range 16 Terrain Scan Density 10 Armor Coverage 150 Evasion (%) 50 Item Schematics ----------------- None Robot Schematics ------------------ None Fabricated ------------ Nothing Alien Tech Used ----------------- None Achievements -------------- None Challenges ------------ None Game ------ Seed ModifiedZioniteMinigun Manual? 0 Play Time 00:14:42 Cumulative 1851.5 hours Start 2023.12.22 @ 18:30:15 End 2023.12.22 @ 18:49:05 Sessions 1 Manual Loads 0 Difficulty Rogue Special Mode None Game No. 646 Rogue 646 Adventurer 0 Explorer 0 Win Type - Total 144 Types 29/13/64/7/1/2/26/1/1 Lore% 95 Gallery% 96 Achievement% 88 Wizard Run 0 Options --------- ASCII 0 Keyboard 0 Movement Numpad Keybinds 0 Fullscreen 2 Font 18/SmallcapsGlow Map View 76x50 Zoom Use 0% Tactical HUD 1 Map Filters NONE Filters NONE Steam 1 RUN: fef40958-a9e4-41f7-b2d5-8866c7488554